 Dungeon Crawl Stone Soup version 0.30.1-4-g462c640d31 (webtiles) character file.

Game seed: 17416609643285639773

72 Kranky the Charlatan (level 4, -2/34 HPs)
             Began as a Gnoll Wanderer on Sept 2, 2023.
             Slain by an ufetubus (3 damage)
             ... on level 3 of the Dungeon.
             The game lasted 00:03:02 (2243 turns).

Kranky the Charlatan (Gnoll Wanderer)               Turns: 2243, Time: 00:03:03

Health: -2/34      AC:  3    Str: 12    XL:     4   Next: 25%
Magic:  0/6        EV: 12    Int: 11    God:
Gold:   96         SH:  0    Dex: 13    Spells: 5/5 levels left

rFire   . . .        a - +0 mace
rCold   . . .        (no shield)
rNeg    . . .        f - +0 leather armour
rPois   .            (no helmet)
rElec   .            (no cloak)
rCorr   .            (no gloves)
SInv    .            (no boots)
Will    .....        p - amulet of guardian spirit
Stlth   +            (no ring)
HPRegen 0.25/turn    (no ring)
MPRegen 0.10/turn

%: guardian spirit
@: no status effects
A: fangs 1, strong nose, distributed training
a: no special abilities


You were on level 3 of the Dungeon.
You visited 1 branch of the dungeon, and saw 3 of its levels.

You collected 126 gold pieces.
You spent 30 gold pieces at shops.

Inventory:

Hand Weapons
 a - a +0 mace (weapon)
 d - a +0 dagger
Missiles
 c - 12 poisoned darts (quivered)
Armour
 f - a +0 leather armour (worn)
Jewellery
 p - an amulet of guardian spirit (around neck)
Wands
 b - a wand of acid (3)
Scrolls
 h - a scroll of fog {unknown}
 i - 4 scrolls of identify {unknown}
 k - a scroll of torment {unknown}
 l - 2 scrolls of noise {unknown}
 m - a scroll of enchant armour {unknown}
 n - a scroll of teleportation
 s - a scroll of fear {unknown}
Potions
 e - a potion of curing
 g - a potion of haste
 j - a potion of flight {unknown}
 o - a potion of degeneration {unknown}
 q - a potion of magic {unknown}
 r - a potion of resistance {unknown}
 t - a potion of might {unknown}


   Skills:
 + Level 2.7 Fighting
 + Level 1.1 Short Blades
 + Level 1.1 Long Blades
 + Level 1.1 Axes
 + Level 4.6 Maces & Flails
 + Level 1.1 Polearms
 + Level 1.1 Staves
 + Level 1.1 Ranged Weapons
 + Level 4.6 Throwing
 + Level 1.1 Armour
 + Level 2.7 Dodging
 + Level 1.1 Stealth
 + Level 1.1 Shields
 + Level 1.1 Unarmed Combat
 + Level 1.1 Spellcasting
 + Level 0.9 Conjurations
 + Level 0.9 Hexes
 + Level 0.9 Summonings
 + Level 0.9 Necromancy
 + Level 0.9 Translocations
 + Level 0.9 Transmutations
 + Level 0.9 Fire Magic
 + Level 0.9 Ice Magic
 + Level 0.9 Air Magic
 + Level 0.9 Earth Magic
 + Level 0.9 Poison Magic
 + Level 2.8 Invocations
 + Level 6.6 Evocations


You had 5 spell levels left.
You didn't know any spells.
Your spell library contained the following spells:

 Spells                   Type           Power      Damage    Failure   Level
 Kiss of Death            Conj/Necr      8%         2d6       28%         1
 Confusing Touch          Hex            2%         N/A       63%         3
 Dispel Undead            Necr           2%         3d7       95%         4
 Fireball                 Conj/Fire      1%         3d3       100%        5
 Iskenderun's Battlesphe  Conj           2%         2d6       100%        5
 Conjure Ball Lightning   Conj/Air       1%         3x3d6     100%        6
 Orb of Destruction       Conj           1%         9d5       100%        7


Dungeon Overview and Level Annotations

Branches:
Dungeon (3/15)

Altars:

Shops:
D:1 ?:


Innate Abilities, Weirdness & Mutations

You have very sharp teeth.
Your uncanny sense of smell can sniff out nearby items.
Your experience applies equally to all skills.


Message History

The ufetubus is almost dead.
The ufetubus closely misses you. The ufetubus misses you.
The ufetubus barely misses you. The ufetubus hits you.
You miss the ufetubus.
You bite the ufetubus, but do no damage.
The ufetubus is almost dead.
The ufetubus hits you. The ufetubus closely misses you.
You miss the ufetubus.
The ufetubus is almost dead.
The ufetubus hits you.
* * * LOW HITPOINT WARNING * * *
The ufetubus closely misses you. x2; The ufetubus misses you.
You hit the ufetubus but do no damage.
The ufetubus is almost dead.
The ufetubus completely misses you. The ufetubus hits you.
The ufetubus hits you but does no damage.
The ufetubus completely misses you.
You barely miss the ufetubus.
The ufetubus is almost dead.
The ufetubus hits you but does no damage.
The ufetubus hits you.
* * * LOW HITPOINT WARNING * * *
You closely miss the ufetubus.
The ufetubus is almost dead.
The ufetubus completely misses you. The ufetubus hits you.
* * * LOW HITPOINT WARNING * * *
The ufetubus hits you.
* * * LOW HITPOINT WARNING * * *
The ufetubus hits you.
* * * LOW HITPOINT WARNING * * *
You closely miss the ufetubus.
The ufetubus is almost dead.
The ufetubus hits you.
* * * LOW HITPOINT WARNING * * *
The ufetubus closely misses you. The ufetubus hits you.
* * * LOW HITPOINT WARNING * * *
The ufetubus hits you but does no damage.
The ufetubus hits you but does no damage.
The ufetubus hits you.
You die...

....######.#..
#.#.......#..
#.......###.# #######
#......†..#.# #......
#.#......##.###......
#.#####l.##........†.
#.#####.###.###......
#l.5.#........#......
####@######...#......
#.#<.†#..†....##.#
#.###.#.....#.##.#
#.....#.....#....#
########l..####### ∆
∆...............Y.
.....##.#######..
##.. #.# #...#. #.
#.# #.#.#.


You could see an ufetubus and a frilled lizard.

Vanquished Creatures
  An adder (D:2)
  A worm (D:3)
  6 ball pythons
  3 endoplasms
  3 giant cockroaches
  8 goblins
  3 hobgoblins (D:2)
  5 jackals (D:2)
  A quokka (D:3)
  8 bats
  3 frilled lizards
  4 kobolds
  11 rats
57 creatures vanquished.

Notes
Turn   | Place    | Note
-------+----------+-------------------------------------------
     0 | D:1      | Kranky the Gnoll Wanderer began the quest for the Orb.
     0 | D:1      | Kranky set off with the following items: a +0 mace, a wand
                  | of acid (3), 8 poisoned darts, a +0 dagger, a potion of
                  | curing, a +0 leather armour.
     0 | D:1      | Reached XP level 1. HP: 17/17 MP: 2/2
   156 | D:1      | Reached XP level 2. HP: 23/23 MP: 3/3
   243 | D:1      | Found The Oracle's Delphic Readings.
   592 | D:1      | Reached XP level 3. HP: 28/28 MP: 4/4
   596 | D:1      | Found Iskiymen's Book Boutique.
   848 | D:1      | Bought a scroll of teleportation for 30 gold pieces
  1241 | D:2      | Reached skill level 1 in Short Blades
  1241 | D:2      | Reached skill level 1 in Long Blades
  1241 | D:2      | Reached skill level 1 in Axes
  1241 | D:2      | Reached skill level 1 in Polearms
  1241 | D:2      | Reached skill level 1 in Staves
  1241 | D:2      | Reached skill level 1 in Ranged Weapons
  1241 | D:2      | Reached skill level 1 in Armour
  1241 | D:2      | Reached skill level 1 in Stealth
  1241 | D:2      | Reached skill level 1 in Shields
  1241 | D:2      | Reached skill level 1 in Unarmed Combat
  1241 | D:2      | Reached skill level 1 in Spellcasting
  1470 | D:2      | Reached XP level 4. HP: 34/34 MP: 6/6
  1909 | D:3      | Noticed an ice beast
  2242 | D:3      | HP: 1/34 [ufetubus (2)]
  2243 | D:3      | Slain by an ufetubus

Illustrated notes

Levels and vault maps discovered:
D:1:      mrwooster_arrival_statue, layout_loops_ring, serial_shops, shop,
          minivault_23, nicolae_nh_oracle_at_delphi
D:2:      wad_crossroads, layout_basic, nrook_loot_triangle,
          grunt_decor_one_mirror
D:3:      layout_basic, uniq_natasha

Skill      XL: |  1  2  3 |
---------------+----------+-----
Short Blades   | 1 |  1.1
Long Blades    | 1 |  1.1
Axes           | 1 |  1.1
Polearms       | 1 |  1.1
Staves         | 1 |  1.1
Ranged Weapons | 1 |  1.1
Armour         | 1 |  1.1
Stealth        | 1 |  1.1
Shields        | 1 |  1.1
Unarmed Combat | 1 |  1.1
Spellcasting   | 1 |  1.1
Fighting       | |  2.7
Maces & Flails | |  4.6
Throwing       | |  4.6
Dodging        | |  2.7
Conjurations   | |  0.9
Hexes          | |  0.9
Summonings     | |  0.9
Necromancy     | |  0.9
Translocations | |  0.9
Transmutations | |  0.9
Fire Magic     | |  0.9
Ice Magic      | |  0.9
Air Magic      | |  0.9
Earth Magic    | |  0.9
Poison Magic   | |  0.9
Invocations    | |  2.8
Evocations     | |  6.6

Action                     |  1- 3 |  4- 6 || total
---------------------------+-------+-------++-------
  Melee: Mace              |   123 |    50 ||   173
         Bite              |    16 |     4 ||    20
         Punch             |       |     1 ||     1
  Throw: Dart              |     1 |       ||     1
    Use: Potion            |       |     1 ||     1
   Stab: Sleeping          |     1 |     1 ||     2
 Armour: Leather armour    |    39 |    22 ||    61
  Dodge: Dodged            |   104 |    55 ||   159
